Map: Dusk Towers

Players

llllllllllll - Winner!

  • Race: Protoss Protoss
  • League: Grandmaster

Kelazhur

  • Race: Terran Terran

VOD

Have the link to the VOD?

Description

Time

  • Played on: May 20, 2016, 7:10 a.m.
  • Length: 6:17
Show
View Real Time Build Order
Export as new Build Order

llllllllllll Protoss - Winner!

Build Orders: 1 Gate Expand 

Get SALT Encoding   

  12  0:00  Probe (Chrono Boost)  
  13  0:11  Probe (Chrono Boost)  
  14  0:17  Pylon  
  14  0:22  Probe (Chrono Boost)  
  15  0:35  Probe (Chrono Boost), Gateway  
  16  0:42  Assimilator  
  16  0:45  Probe (Chrono Boost)  
  17  0:56  Probe (Chrono Boost)  
  18  1:07  Probe (Chrono Boost)  
  19  1:17  Probe (Chrono Boost)  
  20  1:24  Nexus  
  20  1:32  Cybernetics Core  
  20  1:34  Probe (Chrono Boost)  
  21  1:40  Assimilator  
  21  1:44  Probe (Chrono Boost)  
  22  1:48  Pylon  
  22  1:55  Probe (Chrono Boost)  
  23  2:06  Probe (Chrono Boost)  
  23  2:08  Adept (Chrono Boost), Warp Gate  
  26  2:20  Mothership Core (Chrono Boost)  
  28  2:33  Adept  
  30  2:38  Probe (Chrono Boost)  
  30  2:39  Probe (Chrono Boost)  
  32  2:46  Twilight Council  
  32  2:48  Probe (Chrono Boost)  
  32  2:50  Probe (Chrono Boost)  
  34  2:59  Probe (Chrono Boost)  
  34  3:00  Adept, Probe (Chrono Boost)  
  38  3:07  Robotics Facility  
  38  3:09  Probe (Chrono Boost)  
  38  3:11  Probe (Chrono Boost)  
  41  3:20  Probe (Chrono Boost), Pylon  
  41  3:24  Resonating Glaives (Chrono Boost)  
  41  3:27  Probe (Chrono Boost)  
  42  3:30  Probe (Chrono Boost)  
  43  3:37  Probe (Chrono Boost)  
  43  3:41  Probe (Chrono Boost), Gateway  
  45  3:44  Gateway  
  45  3:48  Probe (Chrono Boost)  
  46  3:51  Probe (Chrono Boost)  
  46  3:53  Warp Prism (Chrono Boost)  
  48  4:04  Gateway  
  48  4:05  Gateway  
  48  4:09  Gateway  
  48  4:13  Adept  
  50  4:18  Gateway  
  50  4:22  Gateway  
  50  4:25  Pylon  
  50  4:30  Warp Prism  
  50  4:33  Pylon  
  52  4:43  Pylon  
  52  4:47  Adept  
  52  4:48  Adept x2  
  57  5:04  Observer  
  58  5:10  Adept x2  
  58  5:11  Adept x3  
  58  5:13  Adept  
  70  5:28  Adept x3  
  74  5:33  Adept x2  
  72  5:36  Adept  
  72  5:41  Adept x2  
  70  5:47  Adept  
  53  5:52  Observer  
  52  5:57  Adept x3  
  58  6:04  Adept  
  58  6:05  Adept  
Show
View Real Time Build Order
Export as new Build Order

Kelazhur Terran 

Build Orders: Reaper Expand 

Get SALT Encoding   

  12  0:01  SCV  
  13  0:13  SCV  
  14  0:17  Supply Depot  
  14  0:25  SCV  
  15  0:38  SCV  
  15  0:40  Barracks  
  16  0:43  Refinery  
  16  0:51  SCV  
  17  1:03  SCV  
  18  1:15  SCV  
  19  1:27  Orbital Command  
  19  1:28  Reaper  
  20  1:42  Command Center  
  20  1:52  Supply Depot  
  20  1:53  SCV  
  21  2:00  Barracks Reactor  
  21  2:06  SCV  
  22  2:09  Refinery  
  22  2:10  Engineering Bay  
  22  2:18  SCV  
  23  2:23  Factory  
  23  2:30  SCV  
  24  2:39  Marine x2  
  24  2:42  SCV  
  27  2:54  SCV  
  27  2:56  Orbital Command  
  27  2:59  Marine x2  
  29  3:06  SCV  
  29  3:09  Starport, Widow Mine  
  32  3:17  Marine x2  
  32  3:18  SCV  
  35  3:25  SCV  
  36  3:30  Supply Depot  
  36  3:31  SCV  
  37  3:35  Marine x2  
  37  3:37  SCV  
  37  3:41  Widow Mine  
  40  3:43  SCV  
  40  3:45  Medivac  
  45  3:49  SCV  
  46  3:56  SCV  
  46  4:00  Marine x2  
  46  4:01  SCV  
  49  4:03  Supply Depot  
  49  4:08  SCV  
  50  4:13  Factory Tech Lab, SCV  
  51  4:17  Starport Tech Lab  
  51  4:20  SCV  
  51  4:21  Marine x2  
  54  4:25  SCV  
  54  4:29  Supply Depot  
  55  4:32  Siege Tank, SCV  
  55  4:37  Raven, SCV  
  62  4:48  Command Center  
  62  4:50  Marine x2  
  62  4:51  SCV  
  65  4:53  Supply Depot  
  65  5:02  SCV  
  66  5:12  Barracks, SCV  
  66  5:13  Barracks  
  67  5:17  Engineering Bay, Marine  
  67  5:18  Refinery x2  
  67  5:20  SCV  
  70  5:22  Marine  
  70  5:25  Factory Reactor  
  70  5:26  SCV  
  70  5:41  Marine  
  58  5:47  SCV  
  40  5:59  Marine  
Tags
 
Add a new tag
Caveats
  • Supply blocks, unpowered buildings, or Contaminate may cause inaccurate times.
  • Supply counts are checked every 10 seconds.